 Dungeon Crawl Stone Soup version 0.29.1-15-g9cfb28693d (webtiles) character file.

Game seed: 17951646472206282756

1539 Hugehornet the Conjurer (level 8, -16/61 HPs)
             Began as a Demigod Conjurer on Mar 23, 2023.
             Killed from afar by Maggie (22 damage)
             ... with a bolt of fire
             ... on level 6 of the Dungeon.
             The game lasted 00:24:13 (8247 turns).

Hugehornet the Conjurer (Demigod Conjurer)          Turns: 8247, Time: 00:24:13

Health: -16/61     AC:  8    Str: 18    XL:     8   Next: 30%
Magic:  10/15      EV: 11    Int: 24    God:
Gold:   331        SH:  0    Dex: 12    Spells: 3/13 levels left

rFire   . . .      SeeInvis .   y - +8 spear of Fid Lij {pain, Will+}
rCold   . . .      Faith    .   (no shield)
rNeg    . . .      Spirit   .   s - +0 ring mail
rPois   .          Reflect  .   B - +2 helmet
rElec   .          Harm     .   (no cloak)
rCorr   .          Rampage  .   (no gloves)
Will    +....                   (no boots)
Stlth   +.........              (no amulet)
HPRegen 0.20/turn               F - +6 ring of strength
MPRegen 0.14/turn               (no ring)

@: no status effects
A: high MP 1, forlorn, divine attributes
a: no special abilities


You were on level 6 of the Dungeon.
You visited 1 branch of the dungeon, and saw 6 of its levels.

You collected 331 gold pieces.

Inventory:

Hand Weapons
 d - a +0 whip
 n - a +0 vorpal mace
 p - a +1 vampiric dagger
 u - a +3 hand axe of freezing
 v - a +2 dagger of flaming
 y - the +8 spear of Fid Lij (weapon) {pain, Will+}
   (You found it on level 4 of the Dungeon)

   In the hands of one skilled in necromantic magic, it inflicts extra damage on
   living creatures.
   Will:      It increases your willpower.
Armour
 a - a +0 robe
 h - a +0 plate armour
 m - a +0 scale mail
 s - a +0 ring mail (worn)
 t - a +2 chain mail of poison resistance
 B - a +2 helmet (worn)
Magical Staves
 w - a staff of death
Jewellery
 F - a +6 ring of strength (left hand)
Wands
 z - a wand of flame (20)
Scrolls
 e - a scroll of poison {unknown}
 i - 2 scrolls of enchant armour {unknown}
 o - 5 scrolls of identify {unknown}
 r - a scroll of enchant weapon {unknown}
 x - a scroll of butterflies {unknown}
 A - a scroll of amnesia {unknown}
 D - a scroll of blinking {unknown}
Potions
 b - 2 potions of magic
 c - 2 potions of lignification {unknown}
 f - a potion of ambrosia
 g - a potion of haste {unknown}
 j - 2 potions of degeneration {unknown}
 l - a potion of flight {unknown}
 q - a potion of brilliance {unknown}
 C - a potion of might {unknown}
 E - a potion of invisibility {unknown}


   Skills:
 + Level 1.8 Fighting
 + Level 1.8 Staves
 * Level 3.6 Armour
 + Level 2.7 Dodging
 - Level 1.7 Stealth
 - Level 3.0 Spellcasting
 - Level 6.0 Conjurations
 - Level 6.0 Hexes


You had 3 spell levels left.
You knew the following spells:

 Your Spells              Type           Power      Damage    Failure   Level
a - Magic Dart            Conj           100%       1d8       1%          1
b - Searing Ray           Conj           64%        2d6       2%          2
c - Dazzling Flash        Conj/Hex       64%        N/A       4%          3
d - Fulminant Prism       Conj/Hex       16%        3d11      16%         4

Your spell library contained the following spells:

 Spells                   Type           Power      Damage    Failure   Level
 Summon Small Mammal      Summ           12%        N/A       19%         1
 Gell's Gravitas          Tloc           3%         N/A       50%         3
 Lesser Beckoning         Tloc           3%         N/A       50%         3
 Teleport Other           Tloc           3%         N/A       50%         3
 Iskenderun's Mystic Bla  Conj/Tloc      18%        2d6       47%         4


Dungeon Overview and Level Annotations

Branches:
Dungeon (6/15)
 Temple: D:4-7

Shops:
D:5 (

Annotations:
D:6 Maggie


Innate Abilities, Weirdness & Mutations

You have an increased reservoir of magic. (+10% MP)
You shall have no god before yourself.
Your divine heritage dramatically boosts your attributes as you level up.


Message History

You puncture Maggie!
Maggie is heavily wounded.
Maggie hits you with a +1 morningstar of flaming!
* * * LOW HITPOINT WARNING * * *
Maggie burns you.
* * * LOW HITPOINT WARNING * * *
You feel better. Maggie barely misses you.
Casting: Searing Ray (safe; 2% risk of failure)
Confirm with . or Enter, or press ? or * to list all spells.
Aiming: Searing Ray (safe; 2% risk of failure)
Press: ? - help, Shift-Dir - straight line, f/p - Maggie
Aim: Maggie, wielding a +1 morningstar of flaming and wearing +0 steam dragon scales (heavily wounded, mesmerising, 81% to hit)
The searing ray hits Maggie.
Maggie is severely wounded. (Press . to maintain the ray.) Maggie hits you with a +1 morningstar of flaming.
* * * LOW HITPOINT WARNING * * *
Maggie burns you.
* * * LOW HITPOINT WARNING * * *
The searing ray hits Maggie!
Maggie is severely wounded.
Maggie hits you with a +1 morningstar of flaming!
* * * LOW HITPOINT WARNING * * *
Maggie burns you.
* * * LOW HITPOINT WARNING * * *
Press: ? - help, v - describe, . - travel
Here: Maggie, wielding a +1 morningstar of flaming and wearing +0 steam dragon scales (severely wounded, mesmerising)
The floor, spattered with blood.
Unknown command.
The searing ray hits Maggie!
Maggie is almost dead.
Maggie hits you but does no damage.
The searing ray hits Maggie.
Maggie is almost dead.
You finish channelling your searing ray.
You break out of your daze.
Maggie mutters to herself, "Master Lance won't take me back.
This is the way forward."
Maggie points at you and mumbles some strange words.
The bolt of fire hits you!!
You die...

################
#...............
#.######..###.#.
###.### #..# .#
#.....####.@##..#...
#...........@.......
#...........###.....
##.#####..... ...
#...#......#. !
#.....†.#.....
#...#...#......
#....#.##.#.#...
#.......#.....#..


You could see Maggie.

Vanquished Creatures
  Grinder (D:4)
  A water moccasin (D:6)
  An ice beast (D:5)
  An ogre (D:4)
  3 phantoms
  A scorpion (D:5)
  3 wights (D:4)
  4 hounds
  Natasha (thrice) (D:4)
  Terence (D:3)
  2 iguanas
  5 orc wizards (D:4)
  Robin (D:4)
  4 gnolls
  5 adders
  2 white imps (D:5)
  2 ufetubi
  A worm (D:2)
  6 dart slugs
  3 orcs
  10 ball pythons
  11 bats
  8 endoplasms
  3 giant cockroaches
  17 goblins
  5 hobgoblins
  17 jackals
  4 quokkas
  4 frilled lizards
  5 kobolds
  9 rats
143 creatures vanquished.

Notes
Turn   | Place    | Note
-------+----------+-------------------------------------------
     0 | D:1      | Hugehornet the Demigod Conjurer began the quest for the
                  | Orb.
     0 | D:1      | Reached XP level 1. HP: 14/14 MP: 5/5
   526 | D:1      | Reached XP level 2. HP: 20/20 MP: 0/7
   529 | D:1      | Learned a level 2 spell: Searing Ray
  1620 | D:1      | Reached XP level 3. HP: 15/26 MP: 1/9
  1759 | D:1      | Learned a level 3 spell: Dazzling Flash
  2467 | D:2      | Reached skill level 1 in Hexes
  2863 | D:2      | Reached XP level 4. HP: 33/33 MP: 7/10
  3846 | D:3      | Noticed Terence
  3857 | D:3      | Killed Terence
  4406 | D:4      | Reached XP level 5. HP: 38/38 MP: 5/11
  4479 | D:4      | Reached skill level 1 in Armour
  4743 | D:4      | Reached skill level 5 in Conjurations
  4891 | D:4      | Reached XP level 6. HP: 20/45 MP: 5/13
  5122 | D:4      | Noticed Grinder
  5130 | D:4      | Killed Grinder
  5131 | D:4      | Reached XP level 7. HP: 43/50 MP: 4/14
  5397 | D:4      | Got Sif Muna's Handbook of the Scorpion
  5613 | D:4      | Identified the +8 spear of Fid Lij {pain, Will+}
  5679 | D:4      | Noticed Robin
  5690 | D:4      | Killed Robin
  5898 | D:4      | Reached skill level 5 in Hexes
  5973 | D:4      | Noticed Natasha
  5979 | D:4      | Killed Natasha
  6394 | D:4      | Noticed Natasha
  6399 | D:4      | Killed Natasha
  6515 | D:4      | Noticed Natasha
  6519 | D:4      | Killed Natasha
  6551 | D:4      | Learned a level 4 spell: Fulminant Prism
  6560 | D:5      | Entered Level 5 of the Dungeon
  7249 | D:5      | Found Jaos's Antique Weapon Emporium.
  7412 | D:5      | Reached skill level 1 in Fighting
  7412 | D:5      | Reached skill level 1 in Staves
  7412 | D:5      | Reached XP level 8. HP: 59/59 MP: 9/15
  8227 | D:6      | Noticed Maggie
  8247 | D:6      | Killed from afar by Maggie

Illustrated notes

Levels and vault maps discovered:
D:1:      matt_arrival_los_fun, layout_basic,
          chequers_ecumenical_altar_simple_redux
D:2:      layout_basic, st_stairs_11, kennysheep_generic_room_5
D:3:      layout_loops_cross, minivault_23, kennysheep_generic_room_12,
          uniq_terence
D:4:      layout_loops_ring, palyth_temple_overflow_mages, uniq_robin,
          uniq_grinder, uniq_natasha
D:5:      layout_gridville, serial_shops, shop_coins,
          chequers_serial_rivers_room_a
D:6:      minmay_general_purpose_star, layout_loops_corners, xom_redecorated,
          hangedman_decor_lopped, uniq_maggie

Skill      XL: |  1  2  3  4  5  6  7  8 |
---------------+-------------------------+-----
Spellcasting   | 2 3 |  3.0
Conjurations   | 4 5 6 |  6.0
Hexes          | 1 2 3 4 6 |  6.0
Armour         | 1 2 3 |  3.6
Dodging        | 2 |  2.7
Fighting       | 1 |  1.8
Staves         | 1 |  1.8
Stealth        | |  1.7

Action                   |  1- 3 |  4- 6 |  7- 9 || total
-------------------------+-------+-------+-------++-------
Melee: Unarmed           |    17 |       |       ||    17
       Whip              |     3 |       |       ||     3
       Dagger            |       |    11 |       ||    11
       Spear             |       |       |    28 ||    28
 Cast: Magic Dart        |   107 |    59 |    73 ||   239
       Searing Ray       |     2 |    11 |    27 ||    40
  Use: Potion            |       |       |     3 ||     3
 Stab: Distracted        |       |       |     1 ||     1
Armor: Robe              |     9 |       |       ||     9
       Ring mail         |       |     6 |    18 ||    24
Dodge: Dodged            |    29 |    16 |    36 ||    81
